Losesalot, chaotic male human Priest ------ ----- |....| |...| |.``.----.`.| |..`........| |..--->---..| |---------.--- |.)^^^<|.....| |.i----|`....| --^| |.....| |^-----`....| |@.....@....| |[.---------- ---- Losesalot the Adept Experience level: 6 Strength: 14 Dexterity: 14 Constitution: 16 Intelligence: 10 Wisdom: 16 Charisma: 7 Health: 0(46) Energy: 64(69) Def: 12 Gold: 515 Moves: 3305 Dungeon seed: o9xoR3y0umSCkfG1 Game ID: Losesalot_1521996210 Your Inventory: Coins $ - 515 gold pieces Weapons a - a blessed +1 mace E - an uncursed -1 flail (weapon in hand) Armor e - an uncursed +1 robe (being worn) n - an uncursed +0 small shield (being worn) q - an uncursed +0 elven mithril-coat (being worn) z - a blessed +2 orcish helm (being worn) Comestibles c - an uncursed clove of garlic d - an uncursed sprig of wolfsbane F - an uncursed tin of female sewer rat meat H - 3 uncursed food rations J - 2 uncursed tripe rations O - an uncursed carrot P - 2 uncursed cream pies X - 3 uncursed melons Scrolls f - a cursed scroll of earth g - an uncursed scroll of earth Q - an uncursed scroll of confuse monster Potions b - 3 potions of holy water l - an uncursed potion of sleeping I - an uncursed potion of paralysis L - an uncursed potion of see invisible R - an uncursed potion of water T - an uncursed potion of fruit juice Rings K - a cursed -2 ring of increase accuracy U - an uncursed ring of regeneration Z - an uncursed +4 ring of searching Wands M - an uncursed wand of cold (0:3) Y - an uncursed wand of death (0:8) Tools h - an uncursed oil lamp (0:1340) m - an uncursed skeleton key o - an uncursed expensive camera (0:54) S - an uncursed mirror W - an uncursed bag of holding Spells and supernatural/magical abilities: Name Level Category Cost Memory h - healing 1 healing 11pw 97% I - identify 2 divination 2000pw 97% W - pray for help -- divine ? -- X - turn undead -- divine ? -- Your skills at the end: Fighting Skills wands [Basic] Weapon Skills mace [Basic] flail [Skilled] Spellcasting Skills clerical spells [Basic] Final Attributes: You are dead. Vanquished creatures: a large mimic a small mimic 2 wolves a Green-elf a gnome mummy 4 Uruk-hai a pony 2 kobold mummies a red naga hatchling a ghoul a straw golem a giant ant 2 little dogs a dwarf a kobold lord 2 iguanas 2 coyotes 2 hobbits 10 manes a large kobold 2 giant rats a cave spider a red mold a gnome 6 garter snakes 2 geckos 6 jackals a fox a kobold a goblin 4 grid bugs 3 bats 4 lichens 8 newts 79 creatures vanquished. Voluntary challenges: You were an atheist. You used a wielded weapon 181 times, starting on turn 6. You read items or engraved 12 times, starting on turn 1081. You never genocided any monsters. You never polymorphed an object. You never changed form. You used no wishes. You never split a pudding. You never wrote Elbereth's name. You never violated your personal moral code. Dungeon overview: The Dungeons of Doom: levels 1 to 9 Level 1 a vault a long staircase Level 2 a vault Level 3 a general store, some fountains Level 4 a fountain Level 5 an altar to Brigit, a sink, a vault Level 6 Level 7 a fountain Level 8 many fountains Level 9 some fountains, a vault stairs to Sokoban Sokoban: Level 8 <- You were here Unsolved stairs to The Dungeons of Doom History has recorded: On T:1 you entered the Dungeons of Doom to retrieve the Amulet of Yendor! On T:436 you advanced to experience level 2. On T:459 you reached level 2 of The Dungeons of Doom. On T:788 you reached level 3 of The Dungeons of Doom. On T:971 you advanced to experience level 3. On T:1111 you advanced to experience level 4. On T:1314 you reached level 4 of The Dungeons of Doom. On T:1378 you advanced to experience level 5. On T:1570 you reached level 5 of The Dungeons of Doom. On T:1834 you reached level 6 of The Dungeons of Doom. On T:2115 you reached level 7 of The Dungeons of Doom. On T:2361 you advanced to experience level 6. On T:2493 you reached level 8 of The Dungeons of Doom. On T:2727 you reached level 9 of The Dungeons of Doom. On T:3144 you reached level 4 of Sokoban. Score breakdown: Gold: 515 ( 9227 points) Experience: 6 levels (12456 points) Exploration: 9 levels ( 18.00%) (12121 points) Discoveries: 21 items ( 7.00%) ( 7937 points) Valuables value: (no points given unless you survive) Artifact value: 0 ( 0 points) Variety of kills: 34 monsters ( 8.95%) ( 8973 points) Turncount: 3305 turns ( -743 points) Survival: died (score multiplied by 80%) Total score: 39976 Latest messages: You stop eating. You resume your meal. You stop eating. [2 turns] You resume your meal. You finish eating the female Green-elf corpse. [2 turns] i - an uncursed runed broadsword. The artifact seems to resist the attempt. The Green-elf zaps a wand of cold! The bolt of cold hits you! The bolt of cold bounces! The bolt of cold hits you! You die... The bag of holding is empty. Final status: Goodbye Losesalot the Priest, killed by a bolt of cold... You died in Sokoban on dungeon level 8 with 39976 points, and 515 pieces of gold, after 3305 moves. You were level 6 with a maximum of 46 hit points when you died.